 Dungeon Crawl Stone Soup version 0.27.1-3-gb3d3a73c9e (webtiles) character file.

Game seed: 12123074308342079638

1 Descartes the Sneak (level 1, -6/11 HPs)
             Began as a Spriggan Delver on Oct 16, 2021.
             Mangled by a river rat (8 damage)
             ... on level 5 of the Dungeon.
             The game lasted 00:00:31 (35 turns).

Descartes the Sneak (Spriggan Delver)                 Turns: 35, Time: 00:00:32

Health: -6/11      AC:  2    Str:  8    XL:     1   Next: 16%
Magic:  2/2        EV: 17    Int: 11    God:
Gold:   0          SH:  0    Dex: 16    Spells: 0/0 levels left

rFire    . . .     SeeInvis +   a - +0 short sword
rCold    . . .     Faith    .   (shield restricted)
rNeg     . . .     Spirit   .   b - +0 robe
rPois    .         Reflect  .   (helmet restricted)
rElec    .         Harm     .   (no cloak)
rCorr    .         Rampage  .   (gloves unavailable)
Will     .....                  (boots unavailable)
Stlth    ++++......             (no amulet)
HPRegen  0.03/turn              (no ring)
MPRegen  0.08/turn              (no ring)

@: very quick
A: very small, no large weapons, unfitting armour, see invisible, speed 3
a: no special abilities


You were on level 5 of the Dungeon.
You visited 1 branch of the dungeon, and saw 1 of its levels.

Inventory:

Hand Weapons
 a - a +0 short sword (weapon)
Armour
 b - a +0 robe (worn)
Wands
 g - a wand of digging (2)
Scrolls
 c - a scroll of fog
 e - a scroll of fear
Potions
 f - a potion of haste


   Skills:
 - Level 2.4 Fighting
 + Level 2.2 Short Blades
 + Level 2.7 Dodging
 + Level 7.3 Stealth


You couldn't memorise any spells.
You didn't know any spells.
Your spell library was empty.

Dungeon Overview and Level Annotations

Branches:
Dungeon (5/15)             Temple (0/1) D:5

Altars:


Innate Abilities, Weirdness & Mutations

You are very small and have problems with some larger weapons.
You are too small for most types of armour.
You have supernaturally acute eyesight. (SInv)
You cover ground extremely quickly. (Speed+++)


Message History

The giant cockroach splashes around in the water.
You hit the giant cockroach.
The giant cockroach is almost dead.
The giant cockroach splashes around in the water. x2
You hit the giant cockroach but do no damage.
The giant cockroach is almost dead.
The giant cockroach bites you.
You hit the giant cockroach.
You kill the giant cockroach!
You enter the shallow water.
Moving in this stuff is going to be slow.
A rat and a river rat come into view.
You see here a giant cockroach corpse.
You barely miss the river rat. The river rat misses you.
You hit the river rat but do no damage. The river rat closely misses you.
You closely miss the river rat. The river rat bites you.
You hit the river rat but do no damage. The river rat closely misses you.
You hit the river rat but do no damage. The river rat misses you.
You hit the river rat.
The river rat is moderately wounded.
The river rat closely misses you.
You barely miss the river rat.
The river rat is moderately wounded.
The river rat bites you.
Ouch! That really hurt!
* * * LOW HITPOINT WARNING * * *
You hit the river rat but do no damage.
The river rat is moderately wounded.
The river rat closely misses you.
You hit the river rat but do no damage.
The river rat is moderately wounded.
The river rat barely misses you.
You closely miss the river rat.
The river rat is moderately wounded.
The river rat closely misses you.
You hit the river rat.
The river rat is heavily wounded.
The river rat bites you!
Ouch! That really hurt!
You die...

,,,,,*+***≈**≈≈*#≈#*
,,,,,,,,,*≈*≈≈≈≈#≈#
,,,,,,,,,*≈*≈≈∩≈#≈#
,,,,,,,,**≈**≈≈##≈##
,,,,,,,,*≈≈≈####≈≈≈#
,,,,,,,,*≈≈≈r≈≈≈≈≈≈#
,,,,,,,,**≈****#r†#*
,,,,,,,,,***** #r##
,,,,,,,,,..,,###@#
,,,,,,,,,....+...#
,,,,,,,,,....#...#
,,,,,,,,,....###.#
,,,,,,,,,***#....#
,,,,,,,,,* #....#
,,,,,,,,,* #....#
,,,,,,,,,* #....#
,,,,,,,,,* #....#


You could see a river rat and a rat.

Vanquished Creatures
  A giant cockroach (D:5)
1 creature vanquished.

Notes
Turn   | Place    | Note
-------+----------+-------------------------------------------
     0 | D:5      | Descartes the Spriggan Delver began the quest for the Orb.
     0 | D:5      | Reached XP level 1. HP: 11/11 MP: 2/2
    35 | D:5      | Mangled by a river rat

Illustrated notes

Levels and vault maps discovered:
D:5:      lemuel_ratsnest, layout_gridville, minmay_temple_entry_crystal_x,
          gup_sewer_entry_bubbles, nicolae_elemental_shop,
          kennysheep_generic_room_8

Action                   || total
-------------------------++-------
Melee: Short sword       ||    15
Evoke: Wand              ||     1
  Use: Scroll            ||     1
Dodge: Dodged            ||     8
